 Dungeon Crawl Stone Soup version 0.28.0-47-ge53b351184 (webtiles) character file.

Game seed: 3924898477557078291

100 pkoi the Cutter (level 4, -1/37 HPs)
             Began as a Demigod Gladiator on May 7, 2022.
             Slain by a gnoll
             ... wielding a +0 spear
              (5 damage)
             ... on level 1 of the Dungeon.
             The game lasted 00:02:29 (2699 turns).

pkoi the Cutter (Demigod Gladiator)                 Turns: 2699, Time: 00:02:30

Health: -1/37      AC:  3    Str: 19    XL:     4   Next: 23%
Magic:  6/6        EV: 12    Int: 10    God:
Gold:   40         SH:  0    Dex: 15    Spells: 1/3 levels left

rFire   . . .      SeeInvis +   a - +0 rapier
rCold   . . .      Faith    .   (no shield)
rNeg    . . .      Spirit   .   b - +0 leather armour
rPois   .          Reflect  .   (helmet restricted)
rElec   .          Harm     .   (no cloak)
rCorr   .          Rampage  .   (no gloves)
Will    .....                   (no boots)
Stlth   ++........              (no amulet)
HPRegen 0.12/turn               f - ring of see invisible
MPRegen 0.10/turn               (no ring)

@: no status effects
A: high MP 1, forlorn, divine attributes, horns 1
a: no special abilities


You were on level 1 of the Dungeon.
You visited 1 branch of the dungeon, and saw 2 of its levels.

You collected 40 gold pieces.

Inventory:

Hand Weapons
 a - a +0 rapier (weapon)
Missiles
 d - 4 throwing nets (quivered)
Armour
 b - a +0 leather armour (worn)
 c - a +0 helmet
Jewellery
 f - a ring of see invisible (left hand)
 k - a ring of fire
Wands
 i - a wand of flame (19)
Scrolls
 g - a scroll of fear {unknown}
 h - a scroll of enchant weapon {unknown}


   Skills:
 + Level 2.4 Fighting
 * Level 3.5 Short Blades
 - Level 1.7 Throwing
 + Level 1.2 Armour
 + Level 3.1 Dodging
 + Level 1.2 Stealth


You had one spell level left.
You knew the following spells:

 Your Spells              Type           Power      Damage    Failure   Level
a - Poisonous Vapours     Pois/Air       0%         N/A       56%         2

Your spell library contained the following spells:

 Spells                   Type           Power      Damage    Failure   Level
 Sting                    Tmut/Pois      0%         1d3       41%         1
 Olgreb's Toxic Radiance  Pois           0%         N/A       99%         4


Dungeon Overview and Level Annotations

Branches:
Dungeon (2/15)

Shops:
D:1 [   D:2 *![


Innate Abilities, Weirdness & Mutations

You have an increased reservoir of magic. (+10% MP)
You shall have no god before yourself.
Your divine heritage dramatically boosts your attributes as you level up.
You have a pair of small horns on your head.


Message History

* * * LOW HITPOINT WARNING * * *
Unknown command.
It was a potion of heal wounds.
You feel much better. The gnoll hits you with a +0 club.
The gnoll hits you with a +0 spear!
* * * LOW HITPOINT WARNING * * *
It was a potion of mutation.
You feel extremely strange. A pair of horns grows on your head!
Your +0 helmet falls away!
The gnoll closely misses you. The gnoll hits you with a +0 spear.
* * * LOW HITPOINT WARNING * * *
You hit the gnoll. Your headbutt misses the gnoll.
The gnoll is moderately wounded.
The gnoll misses you. The gnoll hits you with a +0 spear.
* * * LOW HITPOINT WARNING * * *
The gnoll barely misses you.
You hit the gnoll.
The gnoll is heavily wounded.
The gnoll barely misses you. The gnoll hits you with a +0 club.
* * * LOW HITPOINT WARNING * * *
Unknown command.
You hit the gnoll.
The gnoll is severely wounded.
The gnoll hits you with a +0 spear.
* * * LOW HITPOINT WARNING * * *
The gnoll hits you with a +0 club.
* * * LOW HITPOINT WARNING * * *
Unknown command.
You hit the gnoll.
The gnoll is almost dead.
The gnoll misses you. The gnoll hits you with a +0 club.
* * * LOW HITPOINT WARNING * * *
Unknown command.
You hit the gnoll.
The gnoll is almost dead.
The gnoll completely misses you. The gnoll barely misses you.
Unknown command.
You closely miss the gnoll. Your headbutt misses the gnoll.
The gnoll is almost dead.
The gnoll hits you with a +0 spear.
You die...

.#.##.#......####.# #...#
.........>##.##...# ######...####
##.##.....##.##.#####............
..........##.##..................
..........##.##..####............
..........##......# ######...####
.....##......##..[# #...#
.....####.##.###### #...#
.#####.......###@##### #...#
.#####.##.#....#gg..<# #...# ##
........#.#.####.##########.####.
.#.##..........#'#.....##........
.#.##.....รท).##)..####.......##..
.#.###..##.>.)....####..#........
##...........###.##.......##.##..
######......# #.##.##.#.....##..
######## #.##.##...........


You could see 2 gnolls.

Vanquished Creatures
  Robin (D:1)
  An adder (D:2)
  2 gnolls
  A dart slug (D:2)
  10 endoplasms
  3 giant cockroaches
  9 goblins
  7 hobgoblins
  A quokka (D:2)
  6 ball pythons
  6 bats
  4 frilled lizards
  A kobold (D:2)
  A rat (D:1)
53 creatures vanquished.

Notes
Turn   | Place    | Note
-------+----------+-------------------------------------------
     0 | D:1      | pkoi the Demigod Gladiator began the quest for the Orb.
     0 | D:1      | Reached XP level 1. HP: 17/17 MP: 3/3
    84 | D:1      | Found Fosheloz's Antique Armour Boutique.
   352 | D:1      | Reached XP level 2. HP: 24/24 MP: 4/4
   903 | D:2      | Found Zovvekk's Assorted Antiques.
   939 | D:2      | Reached XP level 3. HP: 28/29 MP: 5/5
   947 | D:2      | Found Kyt Xudept's Distillery.
  1027 | D:2      | Noticed Robin
  1041 | D:2      | Reached skill level 1 in Armour
  1406 | D:1      | Killed Robin
  1407 | D:1      | Reached skill level 1 in Stealth
  1690 | D:2      | Found Kykakhlu's Antique Armour Boutique.
  1732 | D:2      | Learned a level 2 spell: Poisonous Vapours
  2030 | D:2      | Reached XP level 4. HP: 28/37 MP: 6/6
  2693 | D:1      | Gained mutation: You have a pair of small horns on your
                  | head. [potion of mutation]
  2699 | D:1      | Slain by a gnoll

Illustrated notes

Levels and vault maps discovered:
D:1:      amcnicky_arrival_choice, layout_loops_cross, serial_shops,
          nicolae_diamond_shop
D:2:      layout_loops_ring, serial_shops, shop_fountains, nicolae_diamond_shop,
          shop, shop_statue, minmay_tromino_v4_b, uniq_robin

Skill      XL: |  1  2  3 |
---------------+----------+-----
Fighting       | 2 |  2.4
Short Blades   | 3 |  3.5
Armour         | 1 |  1.2
Dodging        | 3 |  3.1
Stealth        | 1 |  1.2
Throwing       | |  1.7

Action                   |  1- 3 |  4- 6 || total
-------------------------+-------+-------++-------
Melee: Rapier            |   116 |    24 ||   140
       Punch             |     2 |     1 ||     3
  Use: Potion            |       |     2 ||     2
 Stab: Sleeping          |     6 |       ||     6
Armor: Leather armour    |    29 |     1 ||    30
Dodge: Dodged            |    77 |    21 ||    98
